 Dungeon Sprint DCSS version 0.21.2 (webtiles) character file.

399 Fang the Cleaver (level 6, -4/67 HPs)
             Began as a Gargoyle Gladiator on Oct 4, 2018.
             Was an Elder of the Shining One.
             Slain by a red draconian monk (24 damage)
             ... in the Dungeon (Sprint V: "Ziggurat Sprint").
             The game lasted 00:01:00 (108 turns).

Fang the Cleaver (Gargoyle Gladiator)                Turns: 108, Time: 00:01:01

Health: -4/67      AC: 20    Str: 37    XL:     6   Next: 84%
Magic:  6/6        EV: 11    Int:  8    God:    the Shining One [****..]
Gold:   0          SH:  0    Dex: 11    Spells: 5/5 levels left

rFire    . . .     SeeInvis .   m - +5 executioner's axe
rCold    . . .     Gourm    .   (shield currently unavailable)
rNeg     + + +     Faith    .   l - +5 shadow dragon scales
rPois    ∞         Spirit   .   c - +0 helmet
rElec    +         Reflect  .   (no cloak)
rCorr    .         Harm     .   (no gloves)
MR       .....     NoTele   +   (no boots)
Stlth    ..........             (no amulet)
HPRegen  0.21/turn              G - +6 ring of strength
MPRegen  0.10/turn              H - +6 ring of strength

@: berserking (expiring), glowing, very quick
A: negative energy resistance 1, electricity resistance, unbreathing,
petrification resistance, rot immunity, AC +4
a: Divine Shield, Cleansing Flame, Renounce Religion


You were in the Dungeon.
You worshipped the Shining One.
The Shining One was greatly pleased with you.
You were not hungry.

You visited 1 branch

Inventory:

Hand Weapons
 m - a +5 executioner's axe (weapon)
Missiles
 d - 3 throwing nets (quivered)
Armour
 c - a +0 helmet (worn)
 l - +5 shadow dragon scales (worn)
Jewellery
 G - a +6 ring of strength (left hand)
 H - a +6 ring of strength (right hand)
Wands
 z - a wand of disintegration (7)
 A - a wand of iceblast (7)
 B - a wand of acid (7)
Scrolls
 k - 4 scrolls of blinking
 t - 4 scrolls of amnesia
 u - 7 scrolls of fog
 v - a scroll of holy word
 w - 5 scrolls of identify
 x - 5 scrolls of remove curse
 y - 2 scrolls of fear
Potions
 e - 10 potions of curing
 g - 10 potions of heal wounds
 h - 6 potions of haste
 i - 7 potions of magic
 j - 2 potions of berserk rage
 n - 2 potions of brilliance
 o - 2 potions of invisibility
 p - 4 potions of resistance
 r - 5 potions of agility
 s - 5 potions of might
Miscellaneous
 b - a sack of spiders
Comestibles
 a - 2 chunks of flesh
 f - 7 rations


   Skills:
 + Level 8.4 Fighting
 + Level 9.4 Axes
 + Level 3.3 Throwing
 + Level 0.8 Armour
 + Level 5.7 Dodging
 + Level 6.9 Stealth


You had 5 spell levels left.
You didn't know any spells.

Dungeon Overview and Level Annotations

Branches:
Dungeon (1/1)

Altars:
Ashenzari
Cheibriados
Dithmenos
Elyvilon
Fedhas
Gozag
Hepliaklqana
Kikubaaqudgha
Makhleb
Nemelex Xobeh
Okawaru
Qazlal
Ru
Sif Muna
Trog
Uskayaw
Vehumet
Wu Jian
Xom
Yredelemnul
Zin
The Shining One
Beogh
Jiyva
Lugonu

Annotations:
D 1 transporter


Innate Abilities, Weirdness & Mutations

You are resistant to torment.
Your stone body is resilient. (AC +4)
You are immune to poison.
You resist negative energy. (rN+)
You are resistant to electric shocks. (rElec)
You can survive without breathing.
You are immune to petrification.
You are immune to rotting.


Message History

The vault sentinel blows a loud note on a signal horn!
The orc knight hits you but does no damage.
The tormentor calls on the powers of darkness!
The vault sentinel convulses!
The deep elf archer convulses!
The green draconian convulses!
The ironbrand convoker convulses!
The black draconian convulses!
The white draconian convulses!
The red draconian monk convulses!
Your body is wracked with pain!
The orc knight convulses!
You barely miss the orc knight.
The orc knight is almost dead.
You slash the black draconian! You hit the green draconian.
Your shadow dragon scales prevents you from hitting the red draconian monk.
The tormentor calls on the powers of darkness!
The white draconian convulses!
The ironbrand convoker convulses!
The deep elf archer convulses!
The green draconian convulses!
The black draconian convulses!
The vault sentinel convulses!
The red draconian monk convulses!
Your body is wracked with pain!
* * * LOW HITPOINT WARNING * * *
The orc knight convulses!
The red draconian monk hits you!!
You die...

▓▓▓▓▓▓▓▓▓▓▓▓▓▓▓▓▓▓▓
▓.8©8.▓.8©8.▓.8©8.▓
▓.[%:.▓.)[).▓.....▓
▓..ep.▓.....▓...}.▓
▓.2dp.▓.†.†.▓..)..▓
▓..dd.▓.....▓.....▓
▓.q@o.▓.....▓..©..▓
▓..©..▓..©..▓▓▓▓▓▓▓
▓▓▓▓▓▓▓▓▓▓▓▓▓


You could see a red draconian monk, a black draconian, a green draconian, a
white draconian, an orc knight, a vault sentinel, a deep elf archer, an
ironbrand convoker and a tormentor.

Vanquished Creatures
  A freezing wraith (D)
  An orc priest (D)
  An iguana (D)
  2 river rats (D)
  An orc (D)
6 creatures vanquished.

Notes
Turn   | Place    | Note
-------+----------+-------------------------------------------
     0 | D        | Found the +6 Majin-Bo {vamp, Archmagi MP+6 Int+6}
     0 | D        | Found the +7 great mace "Firestarter" {inner flame, rF++}
     0 | D        | Fang the Gargoyle Gladiator began the quest for the Orb.
     0 | D        | Reached XP level 1. HP: 12/12 MP: 1/1
     9 | D        | Found a blossoming altar of Fedhas.
    10 | D        | Found a viscous altar of Jiyva.
    10 | D        | Found a hazy altar of Hepliaklqana.
    10 | D        | Found a transporter.
    10 | D        | Found an opulent altar of Gozag.
    10 | D        | Found an ancient bone altar of Kikubaaqudgha.
    10 | D        | Found a corrupted altar of Lugonu.
    17 | D        | Found a deep blue altar of Sif Muna.
    17 | D        | Found a sacrificial altar of Ru.
    17 | D        | Found a bloodstained altar of Trog.
    17 | D        | Found a stormy altar of Qazlal.
    17 | D        | Found an iron altar of Okawaru.
    17 | D        | Found a sparkling altar of Nemelex Xobeh.
    19 | D        | Found a burning altar of Makhleb.
    62 | D        | Became a worshipper of the Shining One
    75 | D        | Entered arena 2.
    75 | D        | Noticed an orc priest
    75 | D        | Found a transporter.
    78 | D        | Reached skill level 3 in Axes
    80 | D        | Killed an orc priest
    80 | D        | Reached * piety under the Shining One
    80 | D        | Reached skill level 4 in Axes
    80 | D        | Reached XP level 2. HP: 19/19 MP: 2/2
    80 | D        | Reached XP level 3. HP: 23/23 MP: 3/3
    90 | D        | Entered arena 3.
    90 | D        | Found a transporter.
    94 | D        | Reached skill level 5 in Axes
    94 | D        | Reached XP level 4. HP: 28/28 MP: 4/4
   101 | D        | Entered arena 4.
   101 | D        | Noticed an ironbrand convoker
   101 | D        | Reached ** piety under the Shining One
   101 | D        | Noticed a vault sentinel
   101 | D        | Noticed an orc knight
   101 | D        | Noticed a freezing wraith
   101 | D        | Found a transporter.
   102 | D        | Reached skill level 7 in Axes
   102 | D        | Reached XP level 5. HP: 38/38 MP: 5/5
   106 | D        | Noticed a black draconian
   106 | D        | Reached *** piety under the Shining One
   106 | D        | Noticed a tormentor
   106 | D        | Noticed a deep elf archer
   106 | D        | Noticed a red draconian monk
   106 | D        | Noticed a green draconian
   106 | D        | Reached **** piety under the Shining One
   106 | D        | Noticed a white draconian
   106 | D        | Killed a freezing wraith
   106 | D        | Reached skill level 9 in Axes
   106 | D        | Reached skill level 5 in Dodging
   106 | D        | Reached XP level 6. HP: 28/45 MP: 6/6
   108 | D        | Slain by a red draconian monk

Skill      XL: |  1  2  3  4  5 |
---------------+----------------+-----
Axes           | 4 5 7 9 |  9.4
Fighting       | 3 7 8 |  8.4
Throwing       | 2 3 |  3.3
Dodging        | 3 4 5 |  5.7
Stealth        | 6 |  6.9
Armour         | |  0.8

Action                   |  1- 3 |  4- 6 || total
-------------------------+-------+-------++-------
Melee: Executioner's axe |     6 |     6 ||    12
  Use: Potion            |       |     2 ||     2
Armor: Shadow dragon sca |     8 |     4 ||    12
Dodge: Dodged            |     4 |     2 ||     6
